 Dungeon Crawl Stone Soup version 0.26.0-10-g1f06aea511 (webtiles) character file.

Game seed: 14291783569262729273

41 inc the Scratcher (level 3, 17/17 HPs)
             Began as a Felid Chaos Knight on Feb 1, 2021.
             Was a Plaything of Xom.
             Quit the game on level 3 of the Dungeon.
             The game lasted 00:03:25 (4088 turns).

inc the Scratcher (Felid Chaos Knight)              Turns: 4088, Time: 00:03:25

Health: 17/17      AC:  1    Str: 10    XL:     3   Next: 32%
Magic:  4/4        EV: 18    Int: 19    God:    Xom [....*.]
Gold:   170        SH:  0    Dex: 16    Spells: 2/2 levels left
                                        Lives:  0   Deaths: 1

rFire    . . .     SeeInvis +     - Unarmed
rCold    + . .     Faith    .   (shield unavailable)
rNeg     . . .     Spirit   .   (armour unavailable)
rPois    .         Reflect  .   (helmet unavailable)
rElec    .         Harm     .   (cloak unavailable)
rCorr    .         Rampage  .   (gloves unavailable)
Will     .....                  (boots unavailable)
Stlth    ++........             (no amulet)
HPRegen  0.05/turn              h - +6 ring of intelligence
MPRegen  0.09/turn              (no ring)

@: quick
A: very small, no armour, no weapons or thrown items, stealth, claws 1, fangs 3,
see invisible, cold resistance 1, speed 1, screaming 1, shaggy fur 1, strong 1,
wild magic 1, MP-powered wands, sharp paws
a: Renounce Religion


You were on level 3 of the Dungeon.
You worshipped Xom.
You were a beloved toy of Xom.
You visited 1 branch of the dungeon, and saw 3 of its levels.

You collected 170 gold pieces.

Inventory:

Jewellery
 h - a +6 ring of intelligence (left paw)
Wands
 n - a wand of acid (6)
Scrolls
 a - 2 scrolls of fear {unknown}
 b - a scroll of blinking {unknown}
 c - a scroll of magic mapping {unknown}
 e - 2 scrolls of enchant weapon {unknown}
 g - a scroll of fog {unknown}
 k - a scroll of amnesia {unknown}
 l - a scroll of remove curse {unknown}
Potions
 d - a potion of ambrosia {unknown}
 j - a potion of haste {unknown}
 m - a potion of heal wounds {unknown}


   Skills:
 - Level 3.0 Fighting
 - Level 3.2 Dodging
 + Level 5.2 Unarmed Combat


You had 2 spell levels left.
You didn't know any spells.
Your spell library was empty.

Dungeon Overview and Level Annotations

Branches:
Dungeon (3/15)

Altars:
Cheibriados
Gozag
Yredelemnul


Innate Abilities, Weirdness & Mutations

You cannot wear armour.
You are incapable of wielding weapons or throwing items.
Your paws allow you to move quietly. (Stealth)
You have sharp claws.
You have razor-sharp teeth.
You have supernaturally acute eyesight. (SInv)
You cover ground quickly.
You are covered in fur. (AC +1)
Your sharp claws are effective at attacking unaware monsters.
Your flesh is cold resistant. (rC+)
You occasionally shout uncontrollably at your foes.
Your muscles are strong. (Str +2)
Your spells are a little harder to cast, but a little more powerful.
You expend magic power (3 MP) to strengthen your wands.


Message History

The weapon returns to the orc!
The orc wizard closely misses you.
The kobold throws a stone.
The stone hits you.
* * * LOW HITPOINT WARNING * * *
The orc throws a boomerang.
The boomerang completely misses you.
The weapon returns to the orc!
You see here a stone.
The orc wizard misses you.
The kobold throws a stone.
The stone misses you.
The orc throws a boomerang.
The boomerang closely misses you.
The weapon returns to the orc!
You feel better.
You are now a beloved toy of Xom.
The orc wizard points at you and mumbles some strange words.
The magic dart hits you!
You die...
The orc wizard mumbles some strange words.
The orc wizard blinks!
You are now level 3!
You rejoin the land of the living...
Are you sure you want to abandon this character and quit the game? (Confirm with "yes".)

##### #...# ####
#...# #..## #...#
##..## #...#
#...### #...#
##..... #.).##
##.### #....####
#..##
#@......#######.##
#.).###......##...
#...# ######..###.
##.## ##.###. #)#
#..##. #.# ##.##.
#(# #.... #.#
####) #.##### ###


There were no monsters in sight!

Vanquished Creatures
  A gnoll (D:2)
  2 adders
  An ooze (D:2)
  A worm (D:3)
  2 leopard geckos
  2 orcs
  7 bats
  6 goblins
  6 hobgoblins
  10 kobolds
  4 quokkas (D:2)
  A ball python (D:2)
  3 frilled lizards
  7 rats
53 creatures vanquished.

Vanquished Creatures (others)
  30 plants (D:2)
30 creatures vanquished.

Grand Total: 83 creatures vanquished

Notes
Turn   | Place    | Note
-------+----------+-------------------------------------------
     0 | D:1      | inc the Felid Chaos Knight began the quest for the Orb.
     0 | D:1      | Reached XP level 1. HP: 10/10 MP: 2/2
     2 | D:1      | Noticed a gargoyle
     2 | D:1      | Noticed a vine stalker
     4 | D:1      | Noticed an elf
     4 | D:1      | Noticed an octopode
     6 | D:1      | Noticed a ghoul
     6 | D:1      | Noticed a human
     8 | D:1      | Noticed a minotaur
     8 | D:1      | Noticed a felid
    10 | D:1      | Noticed a vampire
    12 | D:1      | Noticed a draconian
    12 | D:1      | Noticed a centaur
    14 | D:1      | Noticed a formicid
    14 | D:1      | Noticed a demigod
    16 | D:1      | Noticed a tengu
    16 | D:1      | Noticed a dwarf
    18 | D:1      | Noticed a spriggan
    20 | D:1      | Noticed a demonspawn
    20 | D:1      | Noticed a troll
    24 | D:1      | Noticed a halfling
    24 | D:1      | Noticed an ogre
    26 | D:1      | Noticed a merfolk
    26 | D:1      | Noticed a naga
    66 | D:1      | XOM: potion effect (haste)
    88 | D:1      | XOM: silly message
   214 | D:1      | Reached XP level 2. HP: 8/14 MP: 3/3
   884 | D:1      | Reached skill level 4 in Unarmed Combat
   953 | D:1      | XOM: butterfly on damage
  1027 | D:1      | XOM: noise
  1328 | D:2      | Reached XP level 3. HP: 14/17 MP: 4/4
  1629 | D:2      | Found an opulent altar of Gozag.
  1998 | D:2      | Found a snail-covered altar of Cheibriados.
  2037 | D:2      | Found a basalt altar of Yredelemnul.
  2085 | D:2      | XOM: silly message
  2192 | D:2      | You fall into a shaft and drop 1 floor!
  2192 | D:3      | XOM: noise
  2208 | D:3      | XOM: summons 2 hostile demons
  2211 | D:3      | XOM: butterfly on damage
  2228 | D:2      | XOM: give mutations
  2228 | D:2      | Gained mutation: You are clumsy. (Dex -2) [Xom's mischief]
  2228 | D:2      | Gained mutation: Your spells are a little harder to cast,
                  | but a little more powerful. [Xom's mischief]
  2228 | D:2      | Gained mutation: You occasionally shout uncontrollably at
                  | your foes. [Xom's mischief]
  2228 | D:2      | Gained mutation: Your flesh is cold resistant. (rC+) [Xom's
                  | mischief]
  2839 | D:1      | XOM: scenery: summon butterflies
  2963 | D:2      | XOM: give mutations
  2963 | D:2      | Lost mutation: You are clumsy. (Dex -2) [Xom's grace]
  2963 | D:2      | Gained mutation: You expend magic power (3 MP) to
                  | strengthen your wands. [Xom's grace]
  2963 | D:2      | Gained mutation: Your muscles are strong. (Str +2) [Xom's
                  | grace]
  3096 | D:2      | XOM: butterfly on damage
  3096 | D:2      | XOM: smoke on damage
  3370 | D:2      | Reached XP level 4. HP: 2/21 MP: 1/5
  3650 | D:2      | Reached skill level 5 in Unarmed Combat
  3996 | D:3      | XOM is BORED!
  3996 | D:3      | XOM: summons 1 hostile demon
  4085 | D:3      | HP: 1/21 [kobold/stone (3)]
  4087 | D:3      | Killed from afar by an orc wizard
  4088 | D:3      | Reached XP level 3. HP: -1/17 MP: 4/4
  4088 | D:3      | Quit the game

Illustrated notes

Levels and vault maps discovered:
D:1:      kb_arrival_jail, layout_loops_ring, kennysheep_minor_cross
D:2:      wad_woods_tower, layout_basic, lemuel_crystal_altar,
          old_standard_altar, lemuel_coloured_pillars_altar,
          grunt_decor_mini_mirrors
D:3:      layout_rooms, elyvilon_altar_5

Skill      XL: |  1  2  3  4 |
---------------+-------------+-----
Unarmed Combat | 4 5 |  5.2
Fighting       | |  3.0
Dodging        | |  3.2

Action                   |  1- 3 |  4- 6 || total
-------------------------+-------+-------++-------
Melee: Unarmed           |   172 |    29 ||   201
       Bite              |     8 |     2 ||    10
       Punch             |     2 |     1 ||     3
Evoke: Wand              |     1 |       ||     1
  Use: Potion            |     2 |     1 ||     3
 Stab: Sleeping          |     4 |       ||     4
       Distracted        |     1 |       ||     1
Armor: Skin              |    11 |     1 ||    12
Dodge: Dodged            |   133 |    37 ||   170
